 Dungeon Crawl Stone Soup version 0.18-a0-910-g1648204 (webtiles) character file.

1683 Proton the Shield-Bearer (level 9, -5/69 HPs)
             Began as a Formicid Fighter on Dec 25, 2015.
             Was a Priest of Okawaru.
             Slain by a water moccasin (7 damage)
             ... on level 6 of the Dungeon.
             The game lasted 00:11:07 (6717 turns).

Proton the Shield-Bearer (Formicid Fighter)         Turns: 6717, Time: 00:11:07

Health: -5/69      AC: 13    Str: 24    XL:     9   Next: 22%
Magic:  12/12      EV: 10    Int:  3    God:    Okawaru [***...]
Gold:   197        SH: 10    Dex:  8    Spells: 0 memorised, 8 levels left

rFire  . . .     SeeInvis +     a - +0 long sword
rCold  . . .     Gourm    .     p - +0 chain mail (curse)
rNeg   + . .     Faith    .     c - +0 shield
rPois  .         Spirit   .     (helmet unavailable)
rElec  +         Dismiss  .     t - +0 cloak
rCorr  .         Reflect  .     i - +0 pair of gloves
SustAt .         Harm     .     y - +0 pair of boots
MR     .....                    (no amulet)
Stlth  ..........               D - ring "Cysouc" {rElec rN+ Int-5 Dex-2 Stlth+}
                                v - +2 ring of evasion

@: lethally poisoned (-5 -> -16), not resistant to hostile enchantments,
extremely unstealthy
A: permanent stasis, dig shafts and tunnels, four strong arms, antennae 3
a: Dig, Shaft Self, Heroism, Renounce Religion


You were on level 6 of the Dungeon.
You worshipped Okawaru.
Okawaru was most pleased with you.
You were hungry.

You visited 1 branch of the dungeon, and saw 6 of its levels.
You also visited: Sewer.

You collected 297 gold pieces.
You spent 100 gold pieces at shops.

Inventory:

Hand Weapons
 a - a +0 long sword (weapon)
Armour
 c - a +0 shield (worn)
 i - a +0 pair of gloves (worn)
 p - a cursed +0 chain mail (worn)
 t - a +0 cloak (worn)
 y - a +0 pair of boots (worn)
Jewellery
 v - a +2 ring of evasion (left hand)
 D - the ring "Cysouc" (right hand) {rElec rN+ Int-5 Dex-2 Stlth+}
   (You bought it in a shop on level 4 of the Dungeon)

   [ring of positive energy]

   It affects your intelligence (-5).
   It affects your dexterity (-2).
   It insulates you from electricity.
   It protects you from negative energy.
   It makes you more stealthy.
 E - an uncursed ring of poison resistance {unknown}
 G - a +5 ring of strength {unknown}
Wands
 I - a wand of digging (16/24)
Scrolls
 g - 10 scrolls of identify {unknown}
 h - 4 scrolls of remove curse {unknown}
 j - 3 scrolls of enchant armour {unknown}
 k - a scroll of random uselessness {unknown}
 m - 4 scrolls of enchant weapon {unknown}
 o - a scroll of recharging {unknown}
 q - 2 scrolls of amnesia {unknown}
 s - 3 scrolls of teleportation {unknown}
 F - a scroll of summoning {unknown}
Potions
 b - 2 potions of heal wounds
 d - 2 potions of might
 e - a potion of cancellation {unknown}
 n - 4 potions of curing
 r - 2 potions of lignification {unknown}
 u - a potion of beneficial mutation {unknown}
 w - 4 potions of agility {unknown}
 x - 3 potions of flight {unknown}
 z - 3 potions of brilliance {unknown}
 A - a potion of resistance {unknown}
 C - a potion of haste {unknown}
Books
 B - a book of Maledictions

   Spells                             Type                      Level
   a - Corona                         Hexes                        1
   b - Ensorcelled Hibernation        Hexes/Ice                    2
   c - Confuse                        Hexes                        3
   d - Tukima's Dance                 Hexes                        3
   e - Dazzling Spray                 Conjuration/Hexes            3
Comestibles
 f - 6 bread rations
 l - a meat ration
 H - a beef jerky


   Skills:
 + Level 6.0 Fighting
 + Level 4.6 Long Blades
 + Level 6.0 Armour
 + Level 3.8 Dodging
 - Level 0.3 Stealth
 + Level 6.9 Shields
 + Level 5.0 Invocations


You had 8 spell levels left.
You didn't know any spells.

Dungeon Overview and Level Annotations

Branches:
Dungeon (6/15)
 Temple: D:4-7

Altars:
Ashenzari
Nemelex Xobeh
Okawaru
Qazlal

Shops:
D:4 *%(   D:5 =

Annotations:
D:6 1 exclusion, Blork the orc


Innate Abilities, Weirdness & Mutations

You are under a permanent stasis effect.
You can dig through walls and to a lower floor.
Your four strong arms can wield two-handed weapons with a shield.
You have a pair of large antennae on your head (SInv).


Message History

You closely miss the water moccasin.
The water moccasin is heavily wounded.
You block the water moccasin's attack. The water moccasin bites you.
* * * LOW HITPOINT WARNING * * *
You are lethally poisoned!
The water moccasin poisons you!
You slash the water moccasin!
The water moccasin is almost dead.
* * * LOW HITPOINT WARNING * * *
You feel sick. The water moccasin bites you.
* * * LOW HITPOINT WARNING * * *
The water moccasin bites you.
* * * LOW HITPOINT WARNING * * *
You closely miss the water moccasin.
The water moccasin is almost dead.
* * * LOW HITPOINT WARNING * * *
You feel sick. The water moccasin bites you.
* * * LOW HITPOINT WARNING * * *
The water moccasin bites you!
You die...

#...##.#
#.##
#...##.#
#.##
######.#
#.## #.#
#..# #####.#
##.# #.....#
#.# #.....#
#..
#.....######
##.
#...@.......
#.
#...S#######
## #..... #
#....## #
#..... #
#.....
##.#..
#.#..#


You could see a water moccasin.

Vanquished Creatures
  Pikel (D:6)
  Eustachio (D:6)
  A phantom (D:4)
  3 big kobolds (Sewer)
  A water moccasin zombie (D:5)
  2 scorpions
  2 crimson imps (D:5)
  A centaur zombie (D:6)
  2 orc priests
  An orc wizard (D:5)
  An iguana (D:6)
  3 worker ants
  3 hounds
  14 adders
  4 river rats (Sewer)
  An ooze (D:2)
  An adder zombie (D:6)
  2 worms
  3 giant geckos
  6 orcs
  4 bats
  5 giant cockroaches
  6 goblins
  5 hobgoblins
  19 kobolds
  2 quokkas
  3 ball pythons (Sewer)
  A giant gecko skeleton (D:4)
  8 giant newts
  13 jackals
  2 quokka skeletons (D:4)
  A quokka zombie (D:5)
  28 rats
150 creatures vanquished.

Vanquished Creatures (others)
  A centaur (D:6)
  A slave (D:6)
  A worker ant (D:6)
3 creatures vanquished.

Grand Total: 153 creatures vanquished

Notes
Turn   | Place    | Note
--------------------------------------------------------------
     0 | D:1      | Proton the Formicid Fighter began the quest for the Orb.
     0 | D:1      | Reached XP level 1. HP: 18/18 MP: 1/1
   363 | D:1      | Reached XP level 2. HP: 24/24 MP: 2/2
   500 | D:1      | Reached skill level 4 in Shields
   894 | D:2      | Reached XP level 3. HP: 14/29 MP: 3/3
  1259 | D:2      | Found a sparkling altar of Nemelex Xobeh.
  1654 | D:2      | Reached skill level 1 in Dodging
  1654 | D:2      | Reached XP level 4. HP: 36/36 MP: 4/4
  1951 | D:2      | Found a faded altar to an unknown god.
  1958 | D:2      | Found an iron altar of Okawaru.
  2004 | D:2      | Became a worshipper of Warmaster Okawaru
  2170 | D:2      | Reached XP level 5. HP: 40/42 MP: 5/5
  2510 | D:3      | Reached skill level 1 in Invocations
  2964 | D:3      | Reached XP level 6. HP: 24/48 MP: 7/7
  3228 | D:3      | Reached skill level 5 in Shields
  3239 | D:4      | Found Avvant's Weapon Emporium.
  3357 | D:4      | Found a glowing drain.
  3361 | Sewer    | Entered a sewer
  3566 | Sewer    | Reached XP level 7. HP: 20/55 MP: 8/8
  3613 | Sewer    | Reached * piety under Okawaru
  4586 | D:4      | Reached XP level 8. HP: 53/61 MP: 10/10
  4765 | D:4      | Found Woceink's Food Emporium.
  4900 | D:4      | Found Sacyqob's Assorted Antiques.
  4911 | D:4      | Reached skill level 5 in Fighting
  4913 | D:4      | Bought a translucent golden ring for 100 gold pieces
  4913 | D:4      | Identified the ring "Cysouc" {rElec rN+ Int-5 Dex-2 Stlth+} (You bought it in a shop on level 4 of the Dungeon)
  5004 | D:5      | Entered Level 5 of the Dungeon
  5088 | D:5      | Found a shattered altar of Ashenzari.
  5090 | D:5      | Found Laelorus's Jewellery Boutique.
  5129 | D:5      | Reached skill level 5 in Armour
  5129 | D:5      | Reached skill level 6 in Shields
  5370 | D:5      | Reached ** piety under Okawaru
  6035 | D:6      | Noticed Pikel
  6079 | D:6      | Killed Pikel
  6079 | D:6      | Reached *** piety under Okawaru
  6079 | D:6      | Reached XP level 9. HP: 44/69 MP: 12/12
  6253 | D:6      | Noticed Eustachio
  6284 | D:6      | Killed Eustachio
  6284 | D:6      | Reached skill level 5 in Invocations
  6375 | D:6      | Found a stormy altar of Qazlal.
  6375 | D:6      | Noticed Blork the orc
  6717 | D:6      | HP: 2/69 [water moccasin (5)]
  6717 | D:6      | Slain by a water moccasin

Vault maps used:
D:1:      scummos_arrival_simple_crosswalls
D:2:      overflow_temple_1_default, nemelex_deck, ecumenical_altar_1,
          feat_on_display
D:4:      serial_shops, shop, kennysheep_little_box, shop, gup_sewer_entry_bowl
D:5:      lemuel_doored_altar, first_bread, serial_shops, shop, minivault_27
D:6:      kennysheep_mini, nicolae_qazlal_general_emergency, uniq_eustachio,
          uniq_blork_the_orc, uniq_pikel
Sewer:    sewer_minmay_treatment

Action                   |  1- 3 |  4- 6 |  7- 9 || total
-------------------------+-------+-------+-------++-------
Melee: Long sword        |   149 |   270 |   472 ||   891
 Abil: Dig               |       |       |     1 ||     1
  Use: Potion            |       |       |     2 ||     2
  Eat: Chunk             |     1 |     7 |     9 ||    17
       Pizza             |       |     1 |       ||     1
       Beef jerky        |       |       |     1 ||     1
